 Dungeon Sprint DCSS version 0.16.1-18-g436b03c (webtiles) character file.

8400000 Vrock the Axe Maniac (level 26, -23/193 HPs)
             Began as a Gargoyle Gladiator on May 16, 2015.
             Was the Champion of Makhleb.
             Annihilated by a meat berserker
             ... wielding a +9 battleaxe
              (51 damage)
             ... in the Dungeon (Sprint VIII: "Arena of Blood").
             The game lasted 00:05:08 (84 turns).

Vrock the Axe Maniac (Gargoyle Gladiator)             Turns: 84, Time: 00:05:09

Health: -23/193    AC: 28    Str: 30    XL:     26   Next: 4%
Magic:  32/49      EV: 24    Int: 10    God:    Makhleb [******]
Gold:   0          SH:  0    Dex: 10    Spells: 0 memorised, 79 levels left

rFire  . . .     SeeInvis +     l - +∞ Axe of Woe
rCold  . . .     Clarity  .     b - +0 leather armour
rNeg   + . .     SustAb   .     (no shield)
rPois  ∞         Gourm    .     c - +0 helmet
rElec  +         Spirit   .     (no cloak)
rCorr  .         Warding  .     (no gloves)
rMut   .         NoTele   +     (no boots)
MR     +....                    (no amulet)
Stlth  +++++++++.               (no ring)
                                m - ring of see invisible

@: drained, somewhat resistant to hostile enchantments, incredibly stealthy
A: able to fly continuously, big wings, negative energy resistance 1,
electricity resistance, unbreathing, petrification resistance, rot immunity, AC
+19
a: Fly, Minor Destruction, Lesser Servant of Makhleb, Major Destruction, Greater
Servant of Makhleb, Renounce Religion


You were in the Dungeon.
You worshipped Makhleb.
Makhleb was exalted by your worship.
You were not hungry.

You visited 1 branch

Inventory:

Hand weapons
 a - a +0 war axe
 l - the +∞ Axe of Woe (weapon)
   (You found it in the Dungeon)
Missiles
 d - 3 throwing nets (quivered)
Armour
 b - a +0 leather armour (worn)
 c - a +0 helmet (worn)
Jewellery
 m - a ring of see invisible (left hand)
Scrolls
 k - a scroll of blinking
Potions
 e - a potion of curing
 g - a potion of heal wounds
 h - a potion of haste
 i - 2 potions of magic
 j - a potion of berserk rage
Comestibles
 f - a bread ration


   Skills:
 O Level 27(26.2) Fighting
 O Level 27(26.2) Axes
 O Level 27(26.2) Throwing
 O Level 27(26.2) Armour
 O Level 27(26.2) Dodging
 O Level 27(26.2) Stealth
 O Level 27(26.2) Unarmed Combat
 O Level 27(26.2) Spellcasting
 O Level 27(26.2) Invocations


You had 79 spell levels left.
You didn't know any spells.

Dungeon Overview and Level Annotations

Branches:
Dungeon (1/1)

Altars:
Makhleb


Innate Abilities, Weirdness & Mutations

You are resistant to torment.
You are immune to poison.
You can fly continuously.
Your stone body is very resilient (AC +19).
Your wings are large and strong.
You resist negative energy.
You are resistant to electric shocks.
You can survive without breathing.
You are immune to petrification.
You are immune to rotting.


Message History

You hear a shout! x2
The meat berserker hits you with a +9 battleaxe!!
You hear a shout! x3
The meat berserker is engulfed in roaring flames.
You hear a shout! x4
The meat berserker is engulfed in roaring flames.
The bag of meat is engulfed in roaring flames.
You hear a shout! x2
A bag of meat comes into view. It is wielding a +9 war axe.
A meat berserker comes into view. It is wielding a +9 battleaxe.
You hear a shout! x2
The meat berserker hits you with a +9 battleaxe!!!
You hear a shout! x6
The meat berserker is engulfed in roaring flames.
The wretched soul breathes negative energy at you.
The bolt of negative energy hits you! You partially resist.
You feel drained.
* * * LOW HITPOINT WARNING * * *
The bag of meat is engulfed in roaring flames.
The meat berserker hits you with a +9 battleaxe!!!
You die...

............#.§.....#...
....#..%.%....)..........
....#.#.#%..O...).....%...
......#.#.....%..)))).....#
#...#.#.#.......).))...##.
#..§#§#§..).#..).)...#...
#.oo§§§§C).....).....#...
oOo.##)§OoOW.##.#..))......
##)o.@W...%..).%......
#......####..%.#.....####
####...........).).....#.
####........).))......
####......)........
################


You could see a large bag of meat (inner flame), 2 wretched souls, 3 meat
berserkers and 4 bags of meat.

Vanquished Creatures
  Harold (D)
  A hell beast (D)
  6 hill giants (D)
  4 liches (D)
  14 ogres (D)
  37 orcs (D)
  4 skeletal warriors (D)
  8 vampire knights (D)
  A small abomination (D)
  4 large abominations (D)
  6 crawling corpses (D)
86 creatures vanquished.

Vanquished Creatures (others)
  A large abomination (D)
  4 crawling corpses (D)
5 creatures vanquished.

Grand Total: 91 creatures vanquished

Notes
Turn   | Place    | Note
--------------------------------------------------------------
     0 | D        | Vrock, the Gargoyle Gladiator, began the quest for the Orb.
     0 | D        | Reached XP level 1. HP: 12/12 MP: 1/1
     4 | D        | Became a worshipper of Makhleb the Destroyer
     5 | D        | Noticed a meat berserker
     6 | D        | Killed a meat berserker
     6 | D        | Reached skill level 11 in Fighting
     6 | D        | Reached skill level 15 in Axes
     6 | D        | Reached XP level 2. HP: 14/29 MP: 2/2
     6 | D        | Reached XP level 3. HP: 16/34 MP: 3/3
     6 | D        | Reached XP level 4. HP: 18/40 MP: 4/4
     6 | D        | Reached XP level 5. HP: 19/44 MP: 5/5
     6 | D        | Reached XP level 6. HP: 21/49 MP: 6/6
     6 | D        | Reached XP level 7. HP: 23/54 MP: 7/7
     6 | D        | Reached XP level 8. HP: 25/60 MP: 8/8
     6 | D        | Reached XP level 9. HP: 26/64 MP: 9/9
     6 | D        | Reached XP level 10. HP: 28/70 MP: 10/10
     6 | D        | Reached XP level 11. HP: 29/74 MP: 11/11
     7 | D        | Noticed a bag of meat
     7 | D        | Noticed a bag of meat
     8 | D        | Noticed a meat berserker
     9 | D        | Noticed a bag of meat
     9 | D        | Noticed a bag of meat
     9 | D        | Noticed a bag of meat
     9 | D        | Noticed a bag of meat
    10 | D        | Killed a bag of meat
    10 | D        | Acquired Makhleb's first power
    10 | D        | Reached skill level 18 in Axes
    10 | D        | Reached XP level 12. HP: 32/82 MP: 12/12
    11 | D        | Noticed a meat berserker
    11 | D        | Noticed a bag of meat
    12 | D        | Noticed a bag of meat
    12 | D        | Killed a meat berserker
    12 | D        | Reached skill level 19 in Axes
    12 | D        | Reached XP level 13. HP: 33/89 MP: 13/13
    13 | D        | Noticed a bag of meat
    13 | D        | Noticed a bag of meat
    14 | D        | Noticed a bag of meat
    15 | D        | Noticed a bag of meat
    15 | D        | Killed a bag of meat
    15 | D        | Acquired Makhleb's second power
    15 | D        | Reached skill level 20 in Axes
    15 | D        | Gained mutation: Your wings are large and strong. [gargoyle growth]
    15 | D        | Reached XP level 14. HP: 82/96 MP: 14/14
    15 | D        | Killed a meat berserker
    15 | D        | Reached skill level 15 in Fighting
    15 | D        | Reached skill level 21 in Axes
    15 | D        | Killed a bag of meat
    15 | D        | Acquired Makhleb's third power
    15 | D        | Reached skill level 22 in Axes
    15 | D        | Reached XP level 15. HP: 101/104 MP: 15/15
    16 | D        | Noticed a bag of meat
    16 | D        | Noticed a bag of meat
    16 | D        | Noticed a meat berserker
    16 | D        | Killed a bag of meat
    16 | D        | Reached skill level 23 in Axes
    16 | D        | Killed a bag of meat
    16 | D        | Acquired Makhleb's fourth power
    16 | D        | Reached skill level 24 in Axes
    16 | D        | Reached skill level 15 in Throwing
    17 | D        | Noticed a bag of meat
    18 | D        | Noticed a bag of meat
    18 | D        | Noticed a meat berserker
    18 | D        | Killed a bag of meat
    18 | D        | Reached skill level 25 in Axes
    18 | D        | Reached XP level 16. HP: 112/114 MP: 16/16
    19 | D        | Killed a bag of meat
    19 | D        | Killed a bag of meat
    19 | D        | Acquired Makhleb's fifth power
    19 | D        | Reached skill level 26 in Axes
    19 | D        | Killed a meat berserker
    19 | D        | Reached skill level 27 in Axes
    20 | D        | Noticed a bag of meat
    21 | D        | Noticed a bag of meat
    21 | D        | Noticed a bag of meat
    21 | D        | Noticed a bag of meat
    21 | D        | Killed a bag of meat
    21 | D        | Reached XP level 17. HP: 121/124 MP: 17/17
    21 | D        | Killed a bag of meat
    21 | D        | Killed a bag of meat
    22 | D        | Noticed a meat berserker
    22 | D        | Noticed a bag of meat
    22 | D        | Killed a meat berserker
    22 | D        | Reached skill level 27 in Dodging
    23 | D        | Noticed a bag of meat
    23 | D        | Noticed a destroyer
    23 | D        | Killed a bag of meat
    23 | D        | Reached XP level 18. HP: 136/141 MP: 18/18
    23 | D        | Killed a bag of meat
    24 | D        | Noticed a large bag of meat
    24 | D        | Noticed a destroyer
    24 | D        | Noticed a meat berserker
    25 | D        | Killed a bag of meat
    25 | D        | Reached skill level 27 in Fighting
    25 | D        | Killed a bag of meat
    25 | D        | Killed a bag of meat
    25 | D        | Reached skill level 27 in Throwing
    26 | D        | Noticed a bag of meat
    27 | D        | Noticed a large bag of meat
    27 | D        | Killed a bag of meat
    27 | D        | Reached skill level 5 in Unarmed Combat
    27 | D        | Reached skill level 5 in Spellcasting
    27 | D        | Reached XP level 19. HP: 151/151 MP: 18/29
    27 | D        | Killed a meat berserker
    27 | D        | Reached skill level 10 in Stealth
    28 | D        | Noticed a large bag of meat
    28 | D        | Killed a bag of meat
    28 | D        | Reached skill level 10 in Unarmed Combat
    28 | D        | Killed a bag of meat
    28 | D        | Reached skill level 10 in Spellcasting
    28 | D        | Killed a bag of meat
    28 | D        | Reached skill level 15 in Stealth
    30 | D        | Noticed The Servant
    30 | D        | Killed a meat berserker
    30 | D        | Reached skill level 15 in Armour
    30 | D        | Reached skill level 15 in Invocations
    30 | D        | Reached XP level 20. HP: 157/157 MP: 18/38
    30 | D        | Killed a destroyer
    30 | D        | Reached skill level 15 in Unarmed Combat
    32 | D        | Noticed a bag of meat
    32 | D        | Noticed a sculptor of flesh
    32 | D        | Killed a large bag of meat
    32 | D        | Killed a large bag of meat
    32 | D        | Reached skill level 15 in Spellcasting
    33 | D        | Noticed a large bag of meat
    33 | D        | Killed a large bag of meat
    33 | D        | Killed a destroyer
    35 | D        | Noticed a meat berserker
    35 | D        | Noticed a bag of meat
    35 | D        | Noticed a bag of meat
    35 | D        | Noticed a sculptor of flesh
    35 | D        | Noticed a sculptor of flesh
    36 | D        | Noticed a bag of meat
    36 | D        | Killed a bag of meat
    36 | D        | Killed The Servant
    36 | D        | Reached XP level 21. HP: 114/163 MP: 19/41
    36 | D        | Killed a sculptor of flesh
    36 | D        | Reached skill level 27 in Stealth
    37 | D        | Killed a bag of meat
    38 | D        | Noticed a destroyer
    38 | D        | Killed a large bag of meat
    39 | D        | Noticed a meat berserker
    40 | D        | Noticed a bag of meat
    40 | D        | Noticed a destroyer
    40 | D        | Noticed a destroyer
    40 | D        | Killed a sculptor of flesh
    40 | D        | Killed a bag of meat
    40 | D        | Killed a bag of meat
    41 | D        | Killed a meat berserker
    41 | D        | Reached XP level 22. HP: 169/169 MP: 21/44
    41 | D        | Killed a bag of meat
    42 | D        | Noticed a destroyer
    42 | D        | Noticed a destroyer
    42 | D        | Noticed a bag of meat
    43 | D        | Noticed a meat berserker
    43 | D        | Killed a bag of meat
    43 | D        | Killed a bag of meat
    43 | D        | Killed a destroyer
    43 | D        | Killed a destroyer
    43 | D        | Killed a destroyer
    43 | D        | Reached skill level 27 in Armour
    43 | D        | Reached skill level 27 in Invocations
    45 | D        | Killed a meat berserker
    45 | D        | Reached XP level 23. HP: 175/175 MP: 22/47
    45 | D        | Killed a destroyer
    45 | D        | Reached skill level 27 in Unarmed Combat
    45 | D        | Killed a destroyer
    45 | D        | Reached skill level 27 in Spellcasting
    46 | D        | Noticed a bag of meat
    46 | D        | Noticed a sculptor of flesh
    47 | D        | Noticed a bag of meat
    47 | D        | Noticed a bag of meat
    49 | D        | Killed a meat berserker
    49 | D        | Killed a bag of meat
    49 | D        | Killed a bag of meat
    52 | D        | Killed a bag of meat
    54 | D        | Noticed a tyrant
    56 | D        | Noticed a tyrant
    57 | D        | Noticed a tyrant
    57 | D        | Killed a sculptor of flesh
    57 | D        | Killed a bag of meat
    58 | D        | Noticed a meat berserker
    58 | D        | Noticed a meat berserker
    59 | D        | Killed a bag of meat
    59 | D        | Reached XP level 24. HP: 181/181 MP: 25/48
    62 | D        | Noticed a bag of meat
    62 | D        | Killed a sculptor of flesh
    62 | D        | Killed a tyrant
    62 | D        | Killed a tyrant
    63 | D        | Noticed a meat berserker
    63 | D        | Killed a meat berserker
    63 | D        | Killed a meat berserker
    64 | D        | Killed a tyrant
    66 | D        | Killed a meat berserker
    67 | D        | Noticed a bag of meat
    69 | D        | Noticed a meat berserker
    71 | D        | Noticed a large bag of meat
    71 | D        | Noticed a bag of meat
    71 | D        | Noticed a bag of meat
    72 | D        | Noticed a meat beast
    72 | D        | Killed a bag of meat
    72 | D        | Reached XP level 25. HP: 187/187 MP: 29/49
    72 | D        | Killed a meat berserker
    73 | D        | Noticed a bag of meat
    74 | D        | Noticed a large bag of meat
    74 | D        | Noticed a destroyer
    74 | D        | Noticed a meat berserker
    75 | D        | Noticed a bag of meat
    75 | D        | Noticed a tyrant
    75 | D        | Killed a meat beast
    75 | D        | Killed a bag of meat
    76 | D        | Noticed a bag of meat
    77 | D        | Noticed a bag of meat
    77 | D        | Noticed a meat berserker
    77 | D        | Noticed a large bag of meat
    77 | D        | Killed a bag of meat
    78 | D        | Noticed a meat berserker
    78 | D        | Noticed a dread
    78 | D        | Noticed a bag of meat
    79 | D        | Noticed a bag of meat
    80 | D        | Killed a tyrant
    80 | D        | Killed a destroyer
    80 | D        | Killed a bag of meat
    80 | D        | Killed a large bag of meat
    80 | D        | Killed a large bag of meat
    81 | D        | Killed a bag of meat
    81 | D        | Reached XP level 26. HP: 173/193 MP: 31/49
    82 | D        | Noticed a wretched soul
    83 | D        | Noticed a wretched soul
    84 | D        | Noticed a bag of meat
    84 | D        | Noticed a meat berserker
    84 | D        | Annihilated by a meat berserker

Action                   |  1- 3 |  4- 6 |  7- 9 | 10-12 | 13-15 | 16-18 | 19-21 | 22-24 | 25-27 || total
-------------------------+-------+-------+-------+-------+-------+-------+-------+-------+-------++-------
Melee: Executioner's axe |     1 |       |       |     2 |     3 |     6 |     9 |    12 |     4 ||    37
